MLB
ATLANTA BRAVES @ MILWAUKEE BREWERS
04/24/2099
 
TOP OF THE 1ST
Atlanta Braves batting - Pitching for Milwaukee Brewers : RHP Antonio Sandoval
Pitching: RHP Antonio Sandoval
Batting: LHB Jordan Montijo 0-0: Foul Ball, location: 2F
0-1: Swinging Strike
0-2: Ball
1-2: Ball
2-2: Foul Ball, location: 2F
2-2: Ball
3-2: Fly out, F9 (Line Drive, 89D, EV 96.3 MPH)
Batting: LHB Omar Carreon 0-0: Ball
1-0: Foul Ball, location: 2LF
1-1: Ball
2-1: DOUBLE (Groundball, 3L, EV 108.8 MPH)
Batting: SHB Joe Richardson 0-0: Ball
1-0: Ground out 4-3 (Groundball, 4M, EV 87.5 MPH)
Omar Carreon to third
Batting: RHB Ramon Carrion 0-0: Swinging Strike
0-1: Ball
1-1: Foul Ball, location: 2F
1-2: Strikes out swinging
Top of the 1st over - 0 runs, 1 hit, 0 errors, 1 left on base; Atlanta 0 - Milwaukee 0
BOTTOM OF THE 1ST
Milwaukee Brewers batting - Pitching for Atlanta Braves : RHP Ryan Peed
Pitching: RHP Ryan Peed
Batting: RHB Byron Weaver 0-0: Called Strike
0-1: Swinging Strike
0-2: Ball
1-2: Ball
2-2: Strikes out swinging
Batting: RHB Kyle Stewart 0-0: Fly out, F8 (Flyball, 8LD, EV 88.1 MPH)
Batting: LHB Alex Cruz 0-0: Called Strike
0-1: Foul Ball, location: 2F
0-2: Ball
1-2: Ball
2-2: Foul Ball, location: 7LDF
2-2: Strikes out swinging
Bottom of the 1st over - 0 runs, 0 hits, 0 errors, 0 left on base; Atlanta 0 - Milwaukee 0
TOP OF THE 2ND
Atlanta Braves batting - Pitching for Milwaukee Brewers : RHP Antonio Sandoval
Batting: SHB Carlos Carballo 0-0: Called Strike
0-1: Foul Ball, location: 3SF
0-2: Ball
1-2: Ground out 4-3 (Groundball, 34, EV 76.9 MPH)
Batting: LHB Colin Garton 0-0: Ball
1-0: Ball
2-0: Fly out, F9 (Flyball, 9, EV 75.0 MPH)
Batting: RHB Luis Saez 0-0: Called Strike
0-1: Ball
1-1: Ground out 6-3 (Groundball, 6, EV 76.3 MPH)
Top of the 2nd over - 0 runs, 0 hits, 0 errors, 0 left on base; Atlanta 0 - Milwaukee 0
BOTTOM OF THE 2ND
Milwaukee Brewers batting - Pitching for Atlanta Braves : RHP Ryan Peed
Batting: RHB Tony Ledezma 0-0: Fly out, F8 (Flyball, 8RD, EV 105.0 MPH)
Batting: LHB Chris Marcheski 0-0: Ball
1-0: Fly out, F7 (Flyball, 7, EV 83.8 MPH)
Batting: RHB Tyler Naberhaus 0-0: Reached via error on a dropped throw from 3B, E3 (Groundball, 56, EV 100.6 MPH)
Batting: RHB Johnny Curet 0-0: Called Strike
0-1: Swinging Strike
0-2: Ball
1-2: Ball
2-2: Foul Ball, location: 2F
2-2: Strikes out swinging
Bottom of the 2nd over - 0 runs, 0 hits, 1 error, 1 left on base; Atlanta 0 - Milwaukee 0
TOP OF THE 3RD
Atlanta Braves batting - Pitching for Milwaukee Brewers : RHP Antonio Sandoval
Batting: LHB Mike Hancock 0-0: Called Strike
0-1: Ball
1-1: Ball
2-1: Ball
3-1: Foul Ball, location: 2F
3-2: Fly out, F3 (Popup, 3SF, EV 77.5 MPH)
Batting: RHB Tim Reffner 0-0: Called Strike
0-1: Swinging Strike
0-2: Strikes out swinging
Batting: LHB Jordan Montijo 0-0: Ball
1-0: Ball
2-0: Ball
3-0: Base on Balls
Batting: LHB Omar Carreon 0-0: Foul Ball, location: 5FF
0-1: Ground out 4-3 (Groundball, 4, EV 78.1 MPH)
Top of the 3rd over - 0 runs, 0 hits, 0 errors, 1 left on base; Atlanta 0 - Milwaukee 0
BOTTOM OF THE 3RD
Milwaukee Brewers batting - Pitching for Atlanta Braves : RHP Ryan Peed
Batting: SHB Jamie Saxton 0-0: Swinging Strike
0-1: Called Strike
0-2: Ball
1-2: Foul Ball, location: 7LSF
1-2: Strikes out looking
Batting: RHB Carlos Cabal 0-0: Ball
1-0: Fly out, F6 (Popup, 6MS, EV 78.1 MPH)
Batting: RHB Byron Weaver 0-0: Ball
1-0: Fly out, F4 (Popup, 34S, EV 77.5 MPH)
Bottom of the 3rd over - 0 runs, 0 hits, 0 errors, 0 left on base; Atlanta 0 - Milwaukee 0
TOP OF THE 4TH
Atlanta Braves batting - Pitching for Milwaukee Brewers : RHP Antonio Sandoval
Batting: SHB Joe Richardson 0-0: Ground out U3 (Groundball, 3L, EV 98.1 MPH)
Batting: RHB Ramon Carrion 0-0: Ball
1-0: Called Strike
1-1: SOLO HOME RUN (Flyball, 89XD, EV 101.9 MPH), Distance : 394 ft
Batting: SHB Carlos Carballo 0-0: DOUBLE (Flyball, 8RXD, EV 104.4 MPH)
Batting: LHB Colin Garton 0-0: Ground out 4-3 (Groundball, 4D, EV 106.9 MPH)
Carlos Carballo to third
Batting: RHB Luis Saez 0-0: Ball
1-0: Ball
2-0: Called Strike
2-1: Called Strike
2-2: Ball
3-2: Ground out U3 (Groundball, 34S, EV 85.6 MPH)
Top of the 4th over - 1 run, 2 hits, 0 errors, 1 left on base; Atlanta 1 - Milwaukee 0
BOTTOM OF THE 4TH
Milwaukee Brewers batting - Pitching for Atlanta Braves : RHP Ryan Peed
Batting: RHB Kyle Stewart 0-0: Swinging Strike
0-1: Fly out, F7 (Flyball, 78M, EV 85.6 MPH)
Batting: LHB Alex Cruz 0-0: Called Strike
0-1: Ball
1-1: Ball
2-1: Ground out 4-3 (Groundball, 4, EV 85.0 MPH)
Batting: RHB Tony Ledezma 0-0: Ball
1-0: Foul Ball, location: 9LSF
1-1: Foul Ball, location: 23FF
1-2: DOUBLE (Line Drive, 89D, EV 84.4 MPH)
Batting: LHB Chris Marcheski 0-0: Ball
Wild Pitch!
Tony Ledezma to third
1-0: Fly out, F8 (Flyball, 8LM, EV 81.9 MPH)
Bottom of the 4th over - 0 runs, 1 hit, 0 errors, 1 left on base; Atlanta 1 - Milwaukee 0
TOP OF THE 5TH
Atlanta Braves batting - Pitching for Milwaukee Brewers : RHP Antonio Sandoval
Batting: LHB Mike Hancock 0-0: Called Strike
0-1: Ball
1-1: SINGLE (Line Drive, 7S, EV 97.5 MPH)
Batting: RHB Tim Reffner 0-0: Foul Ball, location: 3F
0-1: Foul Ball, location: 2F
0-2: Ball
1-2: Foul Ball, location: 9LSF
1-2: Grounds into double play, 4-6-3 (Groundball, 4M, EV 83.1 MPH)
Batting: LHB Jordan Montijo 0-0: Called Strike
0-1: Foul Ball, location: 7LSF
0-2: Ball
1-2: Ball
2-2: SINGLE (Line Drive, 4MD, EV 99.4 MPH)
Batting: LHB Omar Carreon 0-0: Called Strike
0-1: Swinging Strike
0-2: Ball
1-2: Ball
2-2: Strikes out swinging
Top of the 5th over - 0 runs, 2 hits, 0 errors, 1 left on base; Atlanta 1 - Milwaukee 0
BOTTOM OF THE 5TH
Milwaukee Brewers batting - Pitching for Atlanta Braves : RHP Ryan Peed
Batting: RHB Tyler Naberhaus 0-0: Called Strike
0-1: Ball
1-1: DOUBLE (Flyball, 89XD, EV 99.4 MPH)
Batting: RHB Johnny Curet 0-0: Ball
1-0: Fly out, F7 (Flyball, 7LM, EV 95.0 MPH)
Batting: SHB Jamie Saxton 0-0: Called Strike
0-1: Ball
1-1: SINGLE (Line Drive, 34D, EV 103.1 MPH)
Tyler Naberhaus to third
Runner from 3rd tries for Home, SAFE, throw by RF to home
Jamie Saxton to second
Batting: RHB Carlos Cabal 0-0: SINGLE (Flyball, 8RS, EV 100.6 MPH)
Jamie Saxton to third
Runner from 3rd tries for Home, SAFE, throw by CF to home
Batting: RHB Byron Weaver 0-0: Ball
1-0: Called Strike
1-1: Ball
2-1: Fly out, F2 (Popup, 23F, EV 86.3 MPH)
Batting: RHB Kyle Stewart 0-0: Ball
1-0: Ball
2-0: Ball
3-0: Base on Balls
Carlos Cabal to second
Batting: LHB Alex Cruz 0-0: SINGLE (Groundball, P, EV 85.6 MPH) (infield hit)
Carlos Cabal to third
Kyle Stewart to second
Batting: RHB Tony Ledezma 0-0: Ball
1-0: Foul Ball, location: 9LSF
1-1: Ball
2-1: Ball
3-1: Foul Ball, location: 23FF
3-2: DOUBLE (Flyball, 8RXD, EV 111.9 MPH)
Carlos Cabal scores
Kyle Stewart scores
Alex Cruz to third
Alex Cruz scores
Pitching: RHP Tyler Allen
Batting: LHB Chris Marcheski 0-0: Ball
1-0: Called Strike
1-1: Fly out, F8 (Flyball, 8RXD, EV 106.9 MPH)
Bottom of the 5th over - 5 runs, 5 hits, 0 errors, 1 left on base; Atlanta 1 - Milwaukee 5
TOP OF THE 6TH
Atlanta Braves batting - Pitching for Milwaukee Brewers : RHP Antonio Sandoval
Batting: SHB Joe Richardson 0-0: Ball
1-0: Ball
2-0: Ball
3-0: Base on Balls
Batting: RHB Ramon Carrion 0-0: Called Strike
0-1: Foul Ball, location: 5DF
0-2: Foul Ball, location: 23F
0-2: Strikes out swinging
Batting: SHB Carlos Carballo 0-0: Ball
1-0: Ball
2-0: Called Strike
2-1: Ball
3-1: Base on Balls
Joe Richardson to second
Batting: LHB Colin Garton 0-0: Ball
1-0: Ball
2-0: Ball
Joe Richardson steals 3rd base
3-0: Called Strike
3-1: Fielders Choice at 2nd, 4-6 (Groundball, 4, EV 83.8 MPH)
Joe Richardson scores
Batting: RHB Luis Saez 0-0: Foul Ball, location: 9LSF
0-1: SINGLE (Line Drive, 78S, EV 103.8 MPH)
Colin Garton to second
Batting: LHB Mike Hancock 0-0: Ball
1-0: Foul Ball, location: 3SF
1-1: Ball
2-1: Ground out 6-3 (Groundball, 4MS, EV 86.9 MPH)
Top of the 6th over - 1 run, 1 hit, 0 errors, 2 left on base; Atlanta 2 - Milwaukee 5
BOTTOM OF THE 6TH
Milwaukee Brewers batting - Pitching for Atlanta Braves : RHP Tyler Allen
Batting: RHB Tyler Naberhaus 0-0: Ball
1-0: DOUBLE (Line Drive, 78D, EV 109.4 MPH)
Batting: RHB Johnny Curet 0-0: Ball
1-0: Ball
2-0: Ball
3-0: Base on Balls
Batting: SHB Jamie Saxton 0-0: Called Strike
0-1: Foul Ball, location: 9LSF
0-2: Ball
1-2: Ball
2-2: Fly out, F7 (Flyball, 7, EV 91.3 MPH)
Batting: RHB Carlos Cabal 0-0: Ball
1-0: Foul Ball, location: 5FF
1-1: Called Strike
1-2: Foul Ball, location: 2F
1-2: Foul Ball, location: 2LF
1-2: Foul Ball, location: 2F
1-2: Foul Ball, location: 9LMF
1-2: Foul Ball, location: 2F
1-2: Grounds into double play, 5-4-3 (Groundball, 56, EV 83.8 MPH)
Bottom of the 6th over - 0 runs, 1 hit, 0 errors, 1 left on base; Atlanta 2 - Milwaukee 5
TOP OF THE 7TH
Atlanta Braves batting - Pitching for Milwaukee Brewers : RHP Antonio Sandoval
Batting: RHB Tim Reffner 0-0: Called Strike
0-1: Ground out 6-3 (Groundball, 6, EV 89.4 MPH)
Batting: LHB Jordan Montijo 0-0: Foul Ball, location: 7LSF
0-1: Ball
1-1: Ball
2-1: SINGLE (Groundball, 4, EV 85.0 MPH) (infield hit)
Batting: LHB Omar Carreon 0-0: Called Strike
0-1: Called Strike
0-2: Ball
1-2: Ball
2-2: Ball
3-2: Foul Ball, location: 25F
3-2: SINGLE (Line Drive, 3D, EV 95.0 MPH)
Jordan Montijo to second
Runner from 2nd tries for 3rd, SAFE, no throw by RF
Pitching: RHP Bertrando Pesaresi
Batting: SHB Joe Richardson 0-0: Ball
1-0: Swinging Strike
1-1: Foul Ball, location: 2F
1-2: Foul Ball, location: 5DF
1-2: SINGLE (Groundball, 56D, EV 96.9 MPH)
Jordan Montijo scores
Omar Carreon to second
Batting: RHB Ramon Carrion 0-0: Called Strike
0-1: Foul Ball, location: 5FF
0-2: Foul Ball, location: 3FF
0-2: SINGLE (Line Drive, 4MD, EV 106.3 MPH)
Omar Carreon to third
Joe Richardson to second
Batting: SHB Carlos Carballo 0-0: Foul Ball, location: 25F
0-1: Called Strike
0-2: Ball
1-2: Strikes out swinging
Pitching: LHP David Lucia
Batting: LHB Colin Garton 0-0: Called Strike
0-1: Fly out, F8 (Flyball, 78D, EV 98.1 MPH)
Top of the 7th over - 1 run, 4 hits, 0 errors, 3 left on base; Atlanta 3 - Milwaukee 5
BOTTOM OF THE 7TH
Milwaukee Brewers batting - Pitching for Atlanta Braves : RHP Tyler Allen
Pitching: RHP Randy Clymer
Batting: RHB Byron Weaver 0-0: Ball
1-0: Ball
2-0: Foul Ball, location: 2F
2-1: Foul Ball, location: 7LSFF
2-2: Foul Ball, location: 7LSF
2-2: Strikes out swinging
Batting: RHB Kyle Stewart 0-0: Ball
1-0: Foul Ball, location: 5F
1-1: Ball
2-1: Ball
3-1: Foul Ball, location: 7LMF
3-2: Ground out 6-3 (Groundball, 56, EV 97.5 MPH)
Batting: LHB Alex Cruz 0-0: Ball
1-0: Ball
2-0: Fly out, F7 (Line Drive, 7S, EV 103.1 MPH)
Bottom of the 7th over - 0 runs, 0 hits, 0 errors, 0 left on base; Atlanta 3 - Milwaukee 5
TOP OF THE 8TH
Atlanta Braves batting - Pitching for Milwaukee Brewers : LHP David Lucia
Batting: RHB Luis Saez 0-0: Foul Ball, location: 25FF
0-1: Ground out 5-3 (Groundball, 56, EV 86.9 MPH)
Batting: LHB Mike Hancock 0-0: Ground out 6-3 (Groundball, 56, EV 88.8 MPH)
Batting: RHB Tim Reffner 0-0: Swinging Strike
0-1: Ground out 4-3 (Groundball, 4, EV 102.5 MPH)
Top of the 8th over - 0 runs, 0 hits, 0 errors, 0 left on base; Atlanta 3 - Milwaukee 5
BOTTOM OF THE 8TH
Milwaukee Brewers batting - Pitching for Atlanta Braves : RHP Randy Clymer
Pitching: RHP Jeremy Jenkins
Batting: RHB Tony Ledezma 0-0: Called Strike
0-1: Foul Ball, location: 2F
0-2: Ball
1-2: Foul Ball, location: 9LDF
1-2: Ball
2-2: Strikes out looking
Batting: LHB Chris Marcheski 0-0: Ball
1-0: Swinging Strike
1-1: Ball
2-1: Foul Ball, location: 3F
2-2: Foul Ball, location: 23FF
2-2: Ball
3-2: Strikes out swinging
Batting: RHB Tyler Naberhaus 0-0: Ball
1-0: Ground out 5-3 (Groundball, 5L, EV 105.0 MPH)
Bottom of the 8th over - 0 runs, 0 hits, 0 errors, 0 left on base; Atlanta 3 - Milwaukee 5
TOP OF THE 9TH
Atlanta Braves batting - Pitching for Milwaukee Brewers : LHP David Lucia
Pitching: RHP Ryan Silton
Batting: LHB Jordan Montijo 0-0: Ball
1-0: Called Strike
1-1: Ground out 4-3 (Groundball, 4, EV 98.8 MPH)
Batting: LHB Omar Carreon 0-0: Called Strike
0-1: DOUBLE (Line Drive, 7LD, EV 103.1 MPH)
Batting: SHB Joe Richardson 0-0: Foul Ball, location: 25F
0-1: Called Strike
0-2: Ball
1-2: Ball
2-2: Strikes out swinging
Batting: RHB Ramon Carrion 0-0: Called Strike
0-1: Swinging Strike
0-2: Strikes out swinging
Top of the 9th over - 0 runs, 1 hit, 0 errors, 1 left on base; Atlanta 3 - Milwaukee 5
Saturday, May 4th , 2024 - OOTP Baseball 24.11 Build 85